 Dungeon Crawl Stone Soup version 0.20.1-1-g8b1a95d (webtiles) character file.

49 PentaManta the Insei (level 3, -23/26 HPs)
             Began as a Merfolk Transmuter on Sept 14, 2017.
             Killed from afar by a goblin (26 damage)
             ... with an exploding inner flame
             ... led by Robin
             ... hexed by the player character
             ... on level 2 of the Dungeon on Oct 9, 2017.
             The game lasted 00:08:33 (1468 turns).

PentaManta the Insei (Merfolk Transmuter)           Turns: 1468, Time: 00:08:34

Health: -23/26     AC:  2    Str: 11    XL:     3   Next: 75%
Magic:  6/6        EV: 13    Int: 12    God:
Gold:   52         SH:  0    Dex: 14    Spells: 5/6 levels left

rFire    . . .     SeeInvis .     - Unarmed
rCold    . . .     Gourm    .   (no shield)
rNeg     . . .     Faith    .   b - +0 robe
rPois    .         Spirit   .   (no helmet)
rElec    .         Reflect  .   (no cloak)
rCorr    .         Harm     .   (no gloves)
MR       .....                  (no boots)
Stlth    +.........             (no amulet)
Regen    0.1/turn               (no ring)
MPRegen  0.1/turn               (no ring)

@: appendage (expiring)
A: change form in water, swift swim, stealthy swim, horns 2
a: End Transformation


You were on level 2 of the Dungeon.
You were not hungry.
You had grown temporary horns.
You visited 1 branch of the dungeon, and saw 2 of its levels.

You collected 52 gold pieces.

Inventory:

Missiles
 a - 12 arrows
Armour
 b - a +0 robe (worn)
Scrolls
 f - 2 scrolls of amnesia
 g - a scroll of identify {unknown}
 i - a scroll of fear
 l - 2 scrolls of blinking {unknown}
Potions
 e - a potion of curing {unknown}
 h - a potion of heal wounds {unknown}
 k - a potion of lignification {unknown}
Books
 c - a book of Changes

   Spells                             Type                      Level
   a - Beastly Appendage              Transmutation                1
   b - Sticks to Snakes               Transmutation                2
   c - Spider Form                    Transmutation/Poison         3
   d - Ice Form                       Ice/Transmutation            4
   e - Blade Hands                    Transmutation                5
Comestibles
 d - a bread ration


   Skills:
 - Level 1.2 Fighting
 + Level 3.5 Dodging
 - Level 4.0 Unarmed Combat
 - Level 2.2 Spellcasting
 + Level 3.3 Transmutations


You had 5 spell levels left.
You knew the following spells:

 Your Spells              Type           Power        Failure   Level  Hunger
a - Beastly Appendage     Tmut           #.....       7%          1    ##.....


Dungeon Overview and Level Annotations

Branches:
Dungeon (2/15)

Altars:

Annotations:
D:2 Robin


Innate Abilities, Weirdness & Mutations

You revert to your normal form in water.
You are very nimble and swift while swimming.
You are very stealthy in the water. (Stealth+)
You have a pair of horns on your head.


Message History

Forget which spell ([?*] list [ESC] exit)?
Forget which spell ([?*] list [ESC] exit)?
Okay, then.
The goblin barely misses you.
As you read the scroll labeled FEFOIFF UPHUSM, it crumbles to dust.
You assume a fearsome visage.
The goblin looks frightened! x5
It was a scroll of fear.
There are monsters nearby!
You hit the goblin.
Your attack snaps the goblin out of its fear.
The goblin is severely wounded.
As you read the scroll labeled PEF CUGANU, it crumbles to dust.
The creatures around you are filled with an inner flame!
It was a scroll of immolation.
Robin throws the goblin at you!
* * * LOW HITPOINT WARNING * * *
You hit the goblin.
The goblin explodes!
The fiery explosion engulfs you!
Ouch! That really hurt!
You die...

........##..#####....
##.....g##..# #.##
#.......#..# .#
#....g#.#..# .#
#.....#g####
#.......# . #.......#
....######g.#
.....ยงยง@.'g.#
..#.######..# #..#
#..# #... #####


You could see Robin (inner flame) and a hobgoblin.

Vanquished Creatures
  3 oozes (D:1)
  2 dart slugs (D:1)
  7 bats
  A giant cockroach (D:1)
  6 goblins
  A hobgoblin (D:1)
  4 kobolds
  3 frilled lizards (D:1)
  4 rats
31 creatures vanquished.

Notes
Turn   | Place    | Note
-------+----------+-------------------------------------------
     0 | D:1      | PentaManta the Merfolk Transmuter began the quest for the Orb.
     0 | D:1      | Reached XP level 1. HP: 15/15 MP: 3/3
    57 | D:1      | Reached XP level 2. HP: 21/21 MP: 3/5
   154 | D:1      | Reached XP level 3. HP: 14/26 MP: 6/6
   182 | D:1      | Reached skill level 4 in Unarmed Combat
  1421 | D:2      | Noticed Robin
  1468 | D:2      | Killed from afar by a goblin

Skill      XL: |  1  2  3 |
---------------+----------+-----
Dodging        | 3 |  3.5
Unarmed Combat | 4 |  4.0
Transmutations | 3 |  3.3
Fighting       | |  1.2
Spellcasting   | |  2.2

Action                   || total
-------------------------++-------
Melee: Unarmed           ||    98
       Headbutt          ||    10
 Cast: Beastly Appendage ||    12
  Use: Scroll            ||     3
  Eat: Bread ration      ||     1
Armor: Robe              ||    13
Dodge: Dodged            ||    75
